 Dungeon Crawl Stone Soup version 0.30.0 (webtiles) character file.

Game seed: 480287965211224129

1 zlionsfan the Sneak (level 1, -5/19 HPs)
             Began as a Ghoul Delver on May 6, 2023.
             Shot with an arrow by a centaur (13 damage)
             ... on level 4 of the Dungeon.
             The game lasted 00:00:58 (129 turns).

zlionsfan the Sneak (Ghoul Delver)                   Turns: 129, Time: 00:00:58

Health: -5/19      AC:  3    Str: 15    XL:     1   Next: 20%
Magic:  0/0        EV: 11    Int:  5    God:
Gold:   25         SH:  0    Dex: 10    Spells: 0/0 levels left

rFire   . .          .
                       - Unarmed
rCold   + . .        (no shield)
rNeg    + + +        a - +0 leather armour
rPois   ∞            (no helmet)
rElec   .            (no cloak)
rCorr   .            (no gloves)
SInv    .            (no boots)
Will    .....        (no amulet)
Stlth   +++          (no ring)
HPRegen 0.00/turn    (no ring)
MPRegen 0.07/turn

%: no passive effects
@: inhibited regen
A: claws 1, cold resistance 1, negative energy resistance 3, inhibited
regeneration, torment resistance 2, devour on kill
a: no special abilities


You were on level 4 of the Dungeon.
You visited 1 branch of the dungeon, and saw 2 of its levels.

You collected 25 gold pieces.

Inventory:

Missiles
 h - 2 boomerangs (quivered)
Armour
 a - a +0 leather armour (worn)
Wands
 f - a wand of digging (3)
Scrolls
 b - a scroll of fog
 c - a scroll of magic mapping
 d - a scroll of fear
 i - a scroll of identify {unknown}
Potions
 e - a potion of haste
 g - a potion of might {unknown}


   Skills:
 + Level 3.2 Fighting
 + Level 1.7 Dodging
 + Level 5.5 Stealth
 + Level 2.1 Unarmed Combat


You couldn't memorise any spells.
You didn't know any spells.
Your spell library was empty.

Dungeon Overview and Level Annotations

Branches:
Dungeon (5/15)
 Temple: D:4-7

Altars:


Innate Abilities, Weirdness & Mutations

You are immune to poison.
You have sharp fingernails.
Your flesh is cold resistant. (rC+)
You are immune to negative energy. (rN+++)
You do not regenerate when monsters are visible.
You are immune to unholy pain and torment.
You thrive by killing the living.


Message History

g - a coppery potion
Found an escape hatch in the ceiling.
You now have 11 gold pieces.
Found a green potion.
There is an escape hatch in the ceiling here.
An orc priest comes into view. It is wielding a +0 short sword.
You see here a green potion.
There is an escape hatch in the ceiling here.
A mysterious force pulls you upwards. The hatch slams shut behind you.
Found 2 boomerangs and 14 gold pieces.
You now have 25 gold pieces (gained 14).
Found 6 stones.
You see here 2 boomerangs.
h - 2 boomerangs Throw: 2 boomerangs
Press: ? - help, Q - select action Shift-Dir - straight line, f - kobold
Aim: a kobold, wielding a +0 dagger (wandering, hasn't noticed you, 47% to hit)
You throw a boomerang. The kobold shouts!
The boomerang hits the kobold.
The kobold is severely wounded.
You hear an angry hiss.
An iguana comes into view.
Found a scroll labelled QOL FIBRUEGI.
Found a chain mail.
You see here a scroll labelled QOL FIBRUEGI.
i - a scroll labelled QOL FIBRUEGI You scratch the kobold.
You kill the kobold!
Things that are here:
a +0 dagger; a kobold corpse A centaur and 2 orcs come into view.
The orc shouts!
The centaur wields a +0 shortbow.
The centaur shoots an arrow.
The arrow hits you.
A goblin comes into view. It is wielding a +0 dagger of draining.
The centaur shoots an arrow.
The arrow hits you!
The centaur shoots an arrow.
The arrow hits you!
Ouch! That really hurt!
You die...

#.. #.#o... .. #..#
#c#...#.. ...
#......#
#..#.#....##.
#.#..#.#.......
#### ...
#.#.........# ...#
....#.#.##.#.......
...#
...#.#..#.#.######
...+
..##.#..@.#.....
...#
#.#.##.##........#
...#
#.#.##.##........#
...#
#.#.##..)........#
...#
#.#..........#..##
...#
#.#.###......##.#
...#
#.#.#.............
####
#.#.##............
#................


You could see a centaur.

Vanquished Creatures
  A kobold (D:4)
1 creature vanquished.

Notes
Turn   | Place    | Note
-------+----------+-------------------------------------------
     0 | D:5      | zlionsfan the Ghoul Delver began the quest for the Orb.
     0 | D:5      | Reached XP level 1. HP: 19/19 MP: 0/0
    27 | D:5      | Noticed an orc priest
    57 | D:4      | Noticed an iguana
   126 | D:4      | Noticed a centaur
   129 | D:4      | Shot with an arrow by a centaur

Illustrated notes

Levels and vault maps discovered:
D:4:      layout_basic
D:5:      minmay_opposing_rooms, layout_basic

Action                     || total
---------------------------++-------
  Melee: Unarmed           ||     1
  Throw: Boomerang         ||     1
